AoeStats
← Battousai_Mc

Arabia

507184389Analyzed
3v3 RM · 17d ago on Sep 17, 2026· 39m 59s· 6 players
Game mode
Random Map
Map size
Normal (6 player)
Population
200
Speed
Normal
Resources
Standard
Victory
Conquest
Starting age
Dark Age
Ending age
Imperial Age
RankedLock teamsTeams togetherTeam positionsShared explorationLock speedFull tech treeHidden civsTurbo modeCheats
Victory
Defeat
🇦🇷 Lithuanians · Argentina
1067
+13
🇦🇷 Wu · Argentina
979
+16
🇨🇱 Vietnamese · Chile
901
+20
🇨🇱 Franks · Chile
1008
-17
🇨🇱 Khmer · Chile
976
-16
🇨🇱 Magyars · Chile
970
-16
Hidekisan
7:00 Loom
10:34 Feudal Age
11:19 Double-Bit Axe
18:24 Forging
22:08 Castle Age
20:20 Scale Barding Armor
20:19 Gold Mining
22:51 Husbandry
25:25 Iron Casting
27:08 Chain Barding Armor
37:51 Light Cavalry
39:23 Town Watch
40:18 Wheelbarrow
sebassepulvedac
5:37 Loom
11:32 Feudal Age
13:00 Double-Bit Axe
18:10 Wheelbarrow
24:36 Castle Age
25:39 Thumb Ring
26:07 Hand Cart
25:38 Town Watch
26:12 Fletching
26:23 Padded Archer Armor
27:20 Scale Barding Armor
28:41 Husbandry
29:37 Pikeman
32:15 Bodkin Arrow
32:36 Leather Archer Armor
32:56 Gold Mining
32:58 Stone Mining
38:55 Murder Holes
39:21 Ballistics
39:58 Corvinian Army
Lordinario
2:09 Loom
10:24 Feudal Age
19:07 Double-Bit Axe
21:06 Forging
25:57 Castle Age
25:04 Scale Mail Armor
25:53 Scale Barding Armor
27:11 Wheelbarrow
26:53 Bloodlines
26:48 Pikeman
28:56 Husbandry
Battousai_Mc
11:49 Feudal Age
10:05 Loom
12:29 Double-Bit Axe
19:58 Horse Collar
25:37 Castle Age
24:38 Forging
24:30 Scale Mail Armor
24:55 Gold Mining
33:46 Bow Saw
33:38 Heavy Plow
34:01 Arson
35:12 Town Watch
37:17 Pikeman
37:57 Squires
38:46 Iron Casting
JoackoMaga
11:47 Feudal Age
12:33 Loom
18:49 Castle Age
19:29 Fletching
20:13 Double-Bit Axe
24:34 Wheelbarrow
24:22 Stone Mining
25:18 Bodkin Arrow
27:58 Ballistics
28:18 Stone Mining
28:37 Horse Collar
31:28 Red Cliffs Tactics
31:31 Squires
39:03 Stone Shaft Mining
LeChuck
5:43 Loom
8:48 Feudal Age
9:46 Double-Bit Axe
12:39 Horse Collar
13:56 Wheelbarrow
20:32 Castle Age
19:48 Gold Mining
21:34 Scale Barding Armor
21:42 Forging
21:45 Bloodlines
21:36 Husbandry
25:47 Chain Barding Armor
27:17 Iron Casting
30:14 Heavy Plow
35:20 Fletching
36:27 Hand Cart
35:58 Town Watch
Connection lost

Rejoining the realm…

Still unreachable

The connection could not be restored.

Session expired

The server has moved on; the page needs a fresh start.